 Dungeon Crawl Stone Soup version 0.28.0-47-ge53b351184 (webtiles) character file.

Game seed: 15423365908985260796

7949 Icepheonix32 the Frost Mage (level 11, 0/81 (83) HPs)
             Began as a Demonspawn Ice Elementalist on Apr 25, 2022.
             Was an Elder of Okawaru.
             Slain by a boulder beetle (18 damage)
             ... on level 11 of the Dungeon.
             The game lasted 00:33:38 (14584 turns).

Icepheonix32 the Frost Mage (DsIE)                 Turns: 14584, Time: 00:33:39

HP:   0/81 (83)     AC: 21    Str: 20    XL:     11   Next: 3%
MP:   0/15          EV: 14    Int: 21    God:    Okawaru [****..]
Gold: 451           SH:  4    Dex: 18    Spells: 10/16 levels left

rFire   . . .      SeeInvis .     - Unarmed
rCold   . . .      Faith    .   (no shield)
rNeg    . . .      Spirit   +   P - +0 steam dragon scales
rPois   .          Reflect  .   j - +0 helmet
rElec   .          Harm     .   (no cloak)
rCorr   .          Rampage  .   (no gloves)
Will    .....                   n - +1 pair of boots
Stlth   ++++......              H - amulet of guardian spirit
HPRegen 0.23/turn               f - +6 ring of strength
MPRegen 0.14/turn               m - +6 ring of strength

@: ice-armoured, freezing walls, lightly drained
A: claws 1, thin skeletal structure 2, foul stench 1, icemail 1, condensation
shield
a: Renounce Religion, Heroism, Finesse


You were on level 11 of the Dungeon.
You worshipped Okawaru.
Okawaru was greatly pleased with you.
You visited 1 branch of the dungeon, and saw 11 of its levels.
You also visited: Sewer.

You collected 611 gold pieces.
You spent 160 gold pieces at shops.

Inventory:

Hand Weapons
 c - a +0 hunting sling of freezing
 d - a +1 spear of flaming
 k - a +1 short sword of speed
 q - a +2 dagger of draining
 E - a +2 vorpal halberd
 R - a +1 vampiric long sword
 Y - a +2 shortbow of flaming
Missiles
 e - 37 sling bullets
 s - 6 datura-tipped darts
 t - 4 throwing nets
 y - 20 poisoned darts
 J - 5 silver boomerangs
 L - 9 silver javelins
 O - 9 boomerangs
 W - a curare-tipped dart
 Z - 17 arrows
Armour
 a - a +0 robe
 j - a +0 helmet (worn)
 n - a +1 pair of boots (worn)
 w - a +2 leather armour of poison resistance
 P - +0 steam dragon scales (worn)
Magical Staves
 Q - a staff of earth
Jewellery
 f - a +6 ring of strength (left claw)
 m - a +6 ring of strength (right claw)
 G - a ring of resist corrosion
 H - an amulet of guardian spirit (around neck)
 M - a +4 ring of protection
 N - an amulet of regeneration
Wands
 r - a wand of acid (6)
 v - a wand of digging (11)
 T - a wand of paralysis (14)
 V - a wand of mindburst (5)
Scrolls
 b - 2 scrolls of immolation
 h - 3 scrolls of blinking
 p - a scroll of enchant weapon
 u - 2 scrolls of fog
 B - 2 scrolls of teleportation
 S - a scroll of fear
 X - 2 scrolls of amnesia
Potions
 g - 7 potions of curing
 i - 2 potions of brilliance {unknown}
 l - 2 potions of flight
 o - a potion of magic
 A - 2 potions of haste
 C - a potion of might {unknown}
 D - a potion of mutation {unknown}
 F - a potion of invisibility {unknown}
 U - a potion of attraction {unknown}


   Skills:
 * Level 6.6 Fighting
 + Level 0.9 Polearms
 + Level 3.6 Armour
 + Level 4.7 Dodging
 - Level 1.7 Stealth
 * Level 6.3 Unarmed Combat
 + Level 3.1 Spellcasting
 + Level 10.8 Ice Magic
 * Level 6.1 Invocations


You had 10 spell levels left.
You knew the following spells:

 Your Spells              Type           Power      Damage    Failure   Level
b - Ozocubu's Armour      Ice            48%        N/A       1%          3
c - Frozen Ramparts       Ice            96%        1d11      1%          3

Your spell library contained the following spells:

 Spells                   Type           Power      Damage    Failure   Level
 Freeze                   Ice            100%       1d11      1%          1
 Hailstorm                Conj/Ice       26%        3d7       14%         4
 Corpse Rot               Necr/Air       6%         N/A       21%         2
 Gell's Gravitas          Tloc           3%         N/A       36%         3
 Ignite Poison            Fire/Tmut/Pois 3%         N/A       36%         3
 Mephitic Cloud           Conj/Pois/Air  3%         N/A       36%         3
 Teleport Other           Tloc           3%         N/A       36%         3
 Freezing Cloud           Conj/Ice/Air   9%         6-21      63%         5
 Dispel Undead            Necr           3%         3d7       78%         4
 Dispersal                Tloc           1%         N/A       100%        6
 Death Channel            Necr           Unusable   N/A       N/A         6

Dungeon Overview and Level Annotations

Branches:
Dungeon (11/15)            Temple (0/1) D:7            Lair (0/6) D:9
  Sewer (visited)
    Orc: D:9-12

Altars:
Ashenzari
Elyvilon
Fedhas
Gozag
Okawaru
Qazlal
Vehumet
Xom
Yredelemnul
Zin
The Shining One

Shops:
D:4 !   D:6 (

Annotations:
D:4 3 runed translucent doors, bobregger's ghost, novice OgBe
D:9 exclusion: oklob plant


Innate Abilities, Weirdness & Mutations

You have sharp fingernails.
You have a moderately thin skeletal structure. (Dex +4, Stealth++)
You may rarely emit foul miasma when damaged in melee.
A meltable icy envelope protects you from harm. (AC +4)
A meltable shield of frost defends you. (SH +4)


Message History

The frozen ramparts melt away.
You are too injured to fight recklessly!
Fire: 20 arrows
Press: ? - help, Q - select action, (/) - cycle Shift-Dir - straight line, f/p - boulder beetle
Aim: a boulder beetle (almost dead, lightly drained, 91% to hit)
You shoot an arrow.
The arrow hits the boulder beetle but does no damage.
The boulder beetle is almost dead.
The boulder beetle curls into a ball and begins rolling!
Casting: Frozen Ramparts (safe; 1% risk of failure)
Confirm with . or Enter, or press ? or * to list all spells.
Casting: Frozen Ramparts (safe; 1% risk of failure)
Press: ? - help, Dir - look around, f - activate The walls around you are covered in ice.
Fire: 19 arrows
Press: ? - help, Q - select action, (/) - cycle Shift-Dir - straight line, f - boulder beetle
Aim: a boulder beetle (almost dead, rolling, lightly drained, 91% to hit)
You shoot an arrow.
The arrow hits the boulder beetle but does no damage.
The boulder beetle is almost dead.
Fire: 18 arrows
Press: ? - help, Q - select action, (/) - cycle Shift-Dir - straight line, f/p - boulder beetle
Aim: a boulder beetle (almost dead, rolling, lightly drained, 91% to hit)
You shoot an arrow.
The arrow hits the boulder beetle but does no damage.
The boulder beetle is almost dead.
The boulder beetle closely misses you.
The boulder beetle stops rolling and uncurls.
Your +2 shortbow of flaming stops flaming.
You are now empty-clawed.
The boulder beetle bites you!
* * * LOW HITPOINT WARNING * * *
You are too injured to fight recklessly!
You are too injured to fight recklessly!
Unknown command.
You completely miss the boulder beetle.
The boulder beetle is severely wounded.
You scratch the boulder beetle.
The boulder beetle is severely wounded.
The boulder beetle bites you!!
You die...

................#
................#
.#######.......(###
.# #.)........# .#
#))........# .#
##........## .#
#......(.# .#
#......B.# .#
#.......@# .#
#........# .#
#.......(# .##+
#........# ....
.........(# ....
..........# ....
######...# ###.
#...# #...#


You could see a boulder beetle (drained).

Vanquished Creatures
  Urug (D:10)
  An ugly thing (D:7)
  2 manticores
  A komodo dragon (D:10)
  A hornet (D:8)
  2 shadows (D:10)
  A wraith (D:10)
  3 yaks (D:7)
  A wyvern (D:8)
  2 steam dragons (D:8)
  An acid dragon (D:9)
  2 water moccasins
  5 orc warriors
  An ice beast (D:5)
  A sky beast (D:8)
  4 necrophages
  3 centaurs
  2 ogres (D:5)
  4 kobold brigands
  2 bullfrogs
  2 wyvern zombies (D:7)
  A gnoll sergeant (D:10)
  2 scorpions
  A wyvern skeleton (D:7)
  3 killer bees (D:9)
  8 wights
  A howler monkey (D:7)
  3 centaur zombies
  5 hounds
  2 bullfrog zombies (D:5)
  A jelly (D:6)
  6 orc priests
  A gnoll shaman (D:6)
  Ijyb (D:4)
  2 iguanas
  9 orc wizards
  A killer bee zombie (D:8)
  Robin (D:4)
  2 howler monkey zombies
  12 gnolls
  10 adders
  4 river rats
  A white imp (D:7)
  An ufetubus (D:5)
  3 dart slugs
  14 orcs
  3 endoplasms
  6 giant cockroaches
  9 goblins
  6 hobgoblins
  6 jackals
  19 kobolds
  4 quokkas
  11 ball pythons
  5 bats
  12 frilled lizards
  13 rats
231 creatures vanquished.

Vanquished Creatures (others)
  An orc wizard (D:10)
  8 plants (Sewer)
9 creatures vanquished.

Grand Total: 240 creatures vanquished

Notes
Turn   | Place    | Note
-------+----------+-------------------------------------------
     0 | D:1      | Icepheonix32 the Demonspawn Ice Elementalist began the
                  | quest for the Orb.
     0 | D:1      | Reached XP level 1. HP: 13/13 MP: 3/3
   222 | D:1      | Reached skill level 4 in Ice Magic
   227 | D:1      | Gained mutation: A meltable shield of frost defends you.
                  | (SH +4) [demonic ancestry]
   227 | D:1      | Reached XP level 2. HP: 11/19 MP: 0/5
  1308 | D:2      | Gained mutation: You may rarely emit foul miasma when
                  | damaged in melee. [demonic ancestry]
  1308 | D:2      | Reached XP level 3. HP: 24/25 MP: 4/6
  1317 | D:2      | Found a faded altar of an unknown god.
  2572 | D:3      | Reached skill level 1 in Fighting
  2572 | D:3      | Reached skill level 5 in Ice Magic
  2572 | D:3      | Gained mutation: You have sharp fingernails. [demonic
                  | ancestry]
  2572 | D:3      | Reached XP level 4. HP: 24/32 MP: 3/7
  2580 | D:3      | Learned a level 3 spell: Ozocubu's Armour
  2584 | D:3      | Learned a level 3 spell: Frozen Ramparts
  3563 | D:4      | Found a runed translucent gate.
  3563 | D:4      | Found a runed translucent gate.
  3563 | D:4      | Found a runed translucent gate.
  3564 | D:4      | Found an opulent altar of Gozag.
  3875 | D:4      | Found a stormy altar of Qazlal.
  4005 | D:4      | Found Rigroas's Distillery.
  4010 | D:4      | Bought a potion of curing for 30 gold pieces
  4010 | D:4      | Bought 2 potions of heal wounds for 100 gold pieces
  4010 | D:4      | Bought a potion of lignification for 30 gold pieces
  4036 | D:4      | Noticed Robin
  4051 | D:4      | Killed Robin
  4052 | D:4      | Gained mutation: A meltable icy envelope protects you from
                  | harm. (AC +4) [demonic ancestry]
  4052 | D:4      | Reached XP level 5. HP: 37/37 MP: 2/8
  4268 | D:4      | Reached skill level 1 in Unarmed Combat
  4268 | D:4      | Reached skill level 6 in Ice Magic
  4319 | D:4      | Reached XP level 6. HP: 44/44 MP: 2/9
  4399 | D:4      | Noticed Ijyb
  4406 | D:4      | Killed Ijyb
  4480 | D:4      | Noticed a water moccasin
  4480 | D:4      | Noticed a yak
  4480 | D:4      | Noticed bobregger's ghost (novice OgBe)
  4756 | D:5      | Entered Level 5 of the Dungeon
  4795 | D:5      | Found a glowing drain.
  4813 | Sewer    | Entered a sewer
  6037 | D:5      | Noticed a water moccasin
  6046 | D:5      | Killed a water moccasin
  6047 | D:5      | Reached skill level 7 in Ice Magic
  6047 | D:5      | Gained mutation: You have a somewhat thin skeletal
                  | structure. (Dex +2, Stealth+) [demonic ancestry]
  6047 | D:5      | Reached XP level 7. HP: 51/51 MP: 3/10
  6439 | D:5      | Found a broken altar of Ashenzari.
  6458 | D:5      | Reached skill level 1 in Armour
  6729 | D:5      | Reached skill level 8 in Ice Magic
  6729 | D:5      | Reached XP level 8. HP: 60/60 MP: 8/11
  6767 | D:5      | Found a radiant altar of Vehumet.
  7509 | D:6      | Found an iron altar of Okawaru.
  7517 | D:6      | Found Gyfutyis's Weapon Shoppe.
  7523 | D:6      | Became a worshipper of Warmaster Okawaru
  7866 | D:6      | Reached skill level 1 in Invocations
  8734 | D:6      | Reached * piety under Okawaru
  8917 | D:6      | Gained mutation: You have a moderately thin skeletal
                  | structure. (Dex +4, Stealth++) [demonic ancestry]
  8917 | D:6      | Reached XP level 9. HP: 65/66 MP: 12/12
  9024 | D:7      | Reached skill level 9 in Ice Magic
  9259 | D:7      | Found a staircase to the Ecumenical Temple.
  9377 | D:6      | Reached skill level 5 in Fighting
  9753 | D:7      | Found a basalt altar of Yredelemnul.
  9801 | D:7      | Noticed a white ugly thing
  9822 | D:7      | Killed a white ugly thing
  9822 | D:7      | Reached ** piety under Okawaru
 10756 | D:8      | Reached skill level 10 in Ice Magic
 11171 | D:8      | Reached XP level 10. HP: 66/75 MP: 8/13
 11321 | D:8      | Reached *** piety under Okawaru
 11467 | D:8      | Found a shimmering altar of Xom.
 11775 | D:9      | Found a blossoming altar of Fedhas.
 11796 | D:9      | Noticed an oklob plant
 12253 | D:9      | Found a staircase to the Lair.
 12502 | D:9      | Noticed a manticore
 12516 | D:9      | Killed a manticore
 12517 | D:9      | Reached skill level 5 in Invocations
 12842 | D:10     | Entered Level 10 of the Dungeon
 12893 | D:10     | Reached skill level 5 in Unarmed Combat
 13114 | D:10     | Received a gift from Okawaru
 13202 | D:10     | Reached **** piety under Okawaru
 13336 | D:10     | Noticed Urug
 13353 | D:10     | Killed Urug
 14377 | D:11     | Noticed a manticore
 14387 | D:11     | Killed a manticore
 14388 | D:11     | Reached XP level 11. HP: 67/83 MP: 7/15
 14553 | D:11     | Noticed a boulder beetle
 14584 | D:11     | Slain by a boulder beetle

Illustrated notes

Levels and vault maps discovered:
D:1:      shiori_arrival_maze, layout_basic
D:2:      layout_basic, shapermc_ecumenical_altar_acropolis
D:3:      layout_loops_corners, kennysheep_boxes
D:4:      layout_loops_ring, nicolae_qazlal_scattered_showers,
          ebering_ghost_gozag, serial_shops, kennysheep_little_box, uniq_robin,
          uniq_ijyb
D:5:      nicolae_cairo_tiling, layout_loops_corners, general_overflow_altar,
          mainiacjoe_overflow_tiny_flanked, portal_sewer_entry_a,
          kennysheep_big_empty_room, st_stairs_5
D:6:      layout_rooms, okawaru_metal_pillars_3, serial_shops, shop,
          lemuel_flamethrower_1
D:7:      layout_cave_pods, minitemple, temple_green
D:8:      layout_basic, mainiacjoe_overflow_alcove_2
D:9:      layout_stronghold, tgw_fedhas, lair_entry_dummy
D:10:     layout_basic, overflow_temple_1_default, nicolae_water_bricks,
          grunt_ministairs_13, st_stairs_7, uniq_urug
D:11:     layout_irregular_city, nzn_hepliaklqana_mist_gate

Skill      XL: |  1  2  3  4  5  6  7  8  9 10 |
---------------+-------------------------------+-----
Ice Magic      | 4 5 6 7 8 10 | 10.8
Fighting       | 1 2 3 4 5 6 |  6.6
Unarmed Combat | 1 2 3 4 6 |  6.3
Armour         | 1 2 3 |  3.6
Dodging        | 2 3 4 |  4.7
Invocations    | 2 4 6 |  6.1
Spellcasting   | 3 |  3.1
Polearms       | |  0.9
Stealth        | |  1.7

Action                   |  1- 3 |  4- 6 |  7- 9 | 10-12 || total
-------------------------+-------+-------+-------+-------++-------
Melee: Short sword       |    74 |   245 |   432 |     7 ||   758
       Punch             |     1 |     5 |    18 |     7 ||    31
       Unarmed           |       |       |       |   154 ||   154
       Spear             |       |       |       |    29 ||    29
       Dagger            |       |       |       |     4 ||     4
 Fire: Shortbow          |       |       |       |     7 ||     7
Throw: Dart              |       |     1 |     1 |     1 ||     3
       Boomerang         |       |       |     6 |     3 ||     9
 Cast: Freeze            |    41 |     3 |       |       ||    44
       Ozocubu's Armour  |       |    27 |    35 |    15 ||    77
       Frozen Ramparts   |       |     7 |    17 |    19 ||    43
Evoke: Wand              |       |       |       |     3 ||     3
  Use: Scroll            |     2 |     5 |     4 |     6 ||    17
       Potion            |       |     1 |     6 |     2 ||     9
 Stab: Sleeping          |     5 |     1 |     3 |     6 ||    15
Armor: Robe              |    18 |    28 |       |       ||    46
       Leather armour    |       |    61 |   128 |       ||   189
       Skin              |       |       |     7 |       ||     7
       Steam dragon scal |       |       |     3 |    85 ||    88
Dodge: Dodged            |    67 |   135 |   177 |   131 ||   510
Block: Other             |    19 |    41 |    42 |    28 ||   130
